 Dungeon Crawl Stone Soup version 0.26-a0-662-g8b9c6dab81 (webtiles) character file.

Game seed: 7409667812790518468

205 looop the Digger (level 5, -1/31 HPs)
             Began as an Octopode Earth Elementalist on Oct 9, 2020.
             Slain by Natasha (10 damage)
             ... on level 3 of the Dungeon.
             The game lasted 00:04:55 (2942 turns).

looop the Digger (Octopode Earth Elementalist)      Turns: 2942, Time: 00:04:56

Health: -1/31      AC:  1    Str:  7    XL:     5   Next: 83%
Magic:  6/8        EV: 13    Int: 19    God:
Gold:   185        SH:  0    Dex: 12    Spells: 2/8 levels left

rFire    . . .     SeeInvis .   a - +1 spear
rCold    + . .     Faith    .   (no shield)
rNeg     . . .     Spirit   .   (helmet restricted)
rPois    .         Reflect  .   (no amulet)
rElec    .         Harm     .   h - ring of protection from cold
rCorr    .         Rampage  .   (no ring)
MR       .....                  (no ring)
Stlth    +++.......             (no ring)
HPRegen  0.10/turn              (no ring)
MPRegen  0.11/turn              (no ring)
                                (no ring)
                                (no ring)

@: slowed, very slow
A: almost no armour, stealthy swim, amphibious, 8 rings, constrict 8, camouflage
1, gelatinous body 1
a: no special abilities


You were on level 3 of the Dungeon.
You visited 1 branch of the dungeon, and saw 3 of its levels.

You collected 185 gold pieces.

Inventory:

Hand Weapons
 a - a +1 spear (weapon)
Missiles
 b - 71 stones (quivered)
Jewellery
 h - a ring of protection from cold (left tentacle)
Wands
 c - a wand of polymorph (5)
Scrolls
 e - 2 scrolls of amnesia
 i - a scroll of teleportation
 j - a scroll of blinking {unknown}
Potions
 d - 3 potions of might {unknown}
 f - a potion of curing {unknown}
 g - a potion of invisibility {unknown}
 l - 3 potions of haste {unknown}
 m - a potion of heal wounds {unknown}


   Skills:
 - Level 2.0 Dodging
 - Level 2.6 Stealth
 - Level 2.0 Spellcasting
 - Level 1.0 Transmutations
 * Level 6.3 Earth Magic


You had 2 spell levels left.
You knew the following spells:

 Your Spells              Type           Power        Failure   Level
a - Sandblast             Erth           ####..       1%          1
b - Passwall              Tmut/Erth      ###.....     5%          2
c - Stone Arrow           Conj/Erth      ##....       14%         3

Your spell library contained the following spells:

 Spells                   Type           Power        Failure   Level
 Lee's Rapid Deconstruct  Erth           ####......   34%         5
 Petrify                  Tmut/Erth      ###.....     36%         4


Dungeon Overview and Level Annotations

Branches:
Dungeon (3/15)

Altars:
Dithmenos
Elyvilon
Okawaru
Uskayaw

Annotations:
D:3 Natasha


Innate Abilities, Weirdness & Mutations

You cannot wear most types of armour.
You are very stealthy in the water. (Stealth+)
You are amphibious.
You can wear up to eight rings at the same time.
You can use your tentacles to constrict eight enemies at once.
Your skin changes colour to match your surroundings (Stealth+).
Your rubbery body absorbs attacks. (AC +1, EV +1)


Message History

Casting: Sandblast (safe; 1% risk of failure)
Confirm with . or Enter, or press ? or * to list all spells.
Aiming: Sandblast (safe; 1% risk of failure)
Press: ? - help, Shift-Dir - straight line, f - Natasha, p - crimson imp
Aim: Natasha The blast of sand hits Natasha!
Natasha is severely wounded.
b - 72 stones Natasha casts a spell at you.
The magic dart hits you.
* * * LOW HITPOINT WARNING * * *
Casting: Sandblast (safe; 1% risk of failure)
Confirm with . or Enter, or press ? or * to list all spells.
Aiming: Sandblast (safe; 1% risk of failure)
Press: ? - help, Shift-Dir - straight line, f/p - Natasha
Aim: Natasha (severely wounded)
The blast of sand misses Natasha.
b - 71 stones Natasha claws you!
You die...

#(..##..............#####.
..........(........###. ..
........(............ ..
.. .....#####.†...........
#..## #..........# #.#
####........# #.
##...........##
.....>...†.....#
........@......#
.......h.......#
#####..........#
#?....5....# ##........##
##......## ########


You could see Natasha and a crimson imp (summoned).

Vanquished Creatures
  A hound (D:2)
  Crazy Yiuf (D:2)
  Robin (D:2)
  4 gnolls (D:2)
  2 oozes
  2 dart slugs
  A leopard gecko (D:2)
  An orc (D:3)
  21 goblins
  10 hobgoblins
  9 jackals
  2 ball pythons
  12 bats
  5 frilled lizards
  4 kobolds
  6 rats
82 creatures vanquished.

Vanquished Creatures (others)
  2 fungi (D:2)
2 creatures vanquished.

Grand Total: 84 creatures vanquished

Notes
Turn   | Place    | Note
-------+----------+-------------------------------------------
     0 | D:1      | looop the Octopode Earth Elementalist began the quest for
                  | the Orb.
     0 | D:1      | Reached XP level 1. HP: 11/11 MP: 3/3
   140 | D:1      | Reached XP level 2. HP: 17/17 MP: 0/5
   529 | D:1      | Learned a level 2 spell: Passwall
   541 | D:1      | Reached skill level 4 in Earth Magic
   615 | D:1      | Reached XP level 3. HP: 21/21 MP: 4/6
   885 | D:1      | Learned a level 3 spell: Stone Arrow
  1414 | D:2      | Found a white marble altar of Elyvilon.
  1415 | D:2      | Found a shadowy altar of Dithmenos.
  1415 | D:2      | Found an iron altar of Okawaru.
  1426 | D:2      | Found a hide-covered altar of Uskayaw.
  1741 | D:2      | Reached XP level 4. HP: 25/27 MP: 7/7
  1811 | D:2      | Noticed Robin
  1896 | D:2      | Killed Robin
  1896 | D:2      | Reached skill level 5 in Earth Magic
  2081 | D:2      | Reached XP level 5. HP: 28/31 MP: 6/8
  2500 | D:2      | Found a runed translucent door.
  2501 | D:2      | Noticed Crazy Yiuf
  2574 | D:2      | Killed Crazy Yiuf
  2574 | D:2      | Reached skill level 6 in Earth Magic
  2934 | D:3      | Noticed Natasha
  2942 | D:3      | Slain by Natasha

Illustrated notes

Levels and vault maps discovered:
D:1:      moated_graveyard_arrival, layout_loops_ring
D:2:      layout_rooms, chequers_temple_overflow_statue_of_worship, uniq_robin,
          uniq_crazy_yiuf_cottage
D:3:      layout_rooms, lemuel_doored_altar, uniq_natasha

Skill      XL: |  1  2  3  4  5 |
---------------+----------------+-----
Earth Magic    | 4 5 6 |  6.3
Dodging        | |  2.0
Stealth        | |  2.6
Spellcasting   | |  2.0
Transmutations | |  1.0

Action                   |  1- 3 |  4- 6 || total
-------------------------+-------+-------++-------
Melee: Unarmed           |    54 |       ||    54
       Constrict         |    19 |    18 ||    37
       Tentacles         |    14 |    10 ||    24
       Spear             |    39 |    64 ||   103
       Mace              |       |     1 ||     1
Throw: Stone             |     1 |       ||     1
 Cast: Sandblast         |    28 |    21 ||    49
       Stone Arrow       |       |     1 ||     1
  Use: Scroll            |       |     6 ||     6
 Stab: Sleeping          |     3 |     3 ||     6
Armor: Skin              |    15 |     5 ||    20
Dodge: Dodged            |    83 |    40 ||   123

Table legend: (Time is in decaauts)
 A = Elapsed time spent in this place.
 B = Non-inter-level travel time spent in this place.
 C = Inter-level travel time spent in this place.
 D = Time resting spent in this place.
 E = Time spent auto-exploring this place.
 F = Levels seen in this place.
 G = Mean time per level.
                   A        B        C        D        E       F      G
               +--------+--------+--------+--------+--------+-----+--------+
         Total |   2952 |   2871 |     81 |     60 |   2218 |   3 |  984.0 |
       Dungeon |   2952 |   2871 |     81 |     60 |   2218 |   3 |  984.0 |
               +--------+--------+--------+--------+--------+-----+--------+

Top non-repeatable levels by time:
     D:2: 1369 daAuts
     D:1: 1270 daAuts
     D:3: 312 daAuts
